 Dungeon Crawl Stone Soup version 0.28.0-47-ge53b351184 (webtiles) character file.

Game seed: 12174104016036732956

1568305 fictitious the Slayer (level 27, 243/243 HPs)
             Began as a Djinni Hedge Wizard on May 7, 2022.
             Was the Champion of Ashenzari.
             Escaped with the Orb
             ... and 3 runes on May 8, 2022!
             The game lasted 07:10:49 (80701 turns).

fictitious the Slayer (Djinni Hedge Wizard)        Turns: 80701, Time: 07:10:50

Health: 243/243    AC: 39    Str: 20    XL:     27
Gold:   4214       EV: 20    Int: 24    God:    Ashenzari [******] SH: 16 Dex: 17

rFire   + + +      SeeInvis +   F - +7 double sword of the Cursed Stars {freeze, Self, Fort} (curse)
rCold   + + .      Faith    .   g - +0 kite shield of the Wild Blue Yonder {rC+, Range, Melee} (curse)
rNeg    + + +      Spirit   .   j - +7 chain mail "Behold Eternity" {rF+ Regen+ rCorr, Range, Fort} (curse)
rPois   ∞          Reflect  .   T - +2 hat of the Mantic Entitlement {Will+, Evo, Self} (curse)
rElec   +          Harm     .   D - +2 cloak "Tethered Paranoia" {Self, Range} (curse)
rCorr   +          Rampage  .   n - +2 pair of gloves of the Wild Blue Yonder {Str+3, Melee, Self} (curse)
Will    ++++.      Clarity  +   (boots unavailable)
Stlth   ..........              c - amulet of Vitality {Regen+ HP+15, Self, Cun} (curse)
HPRegen 2.10/turn               l - ring of Ashenzari's Oracle {rC+, Fort, Evo} (curse)
MPRegen 0.00/turn               E - ring of the Shattered Augurer {rElec rCorr Str+6, Self, Fort} (curse)

@: lich-form, flying
A: draining attack, torment immunity, no potions, flying, sickness immunity,
fire resistance 2, cold vulnerability 1, float, innate caster, HP casting, extra
vitality 1
0: Orb of Zot
}: 3/15 runes: decaying, silver, gossamer
a: End Transformation, Renounce Religion, Shatter the Chains


You escaped.
You worshipped Ashenzari.
Ashenzari was exalted by your worship.
You were an undead lich.
You visited 10 branches of the dungeon, and saw 49 of its levels.
You visited 1 bazaar.
You also visited: Trove, Gauntlet, Ice Cave and Desolation.

You collected 8771 gold pieces.
You spent 4557 gold pieces at shops.

Inventory:

Hand Weapons
 r - the +9 broad axe "Dorogesa" {vorpal, *Corrode rPois rF++ rC+ rN+}
   (You found it on level 2 of the Realm of Zot)

   It inflicts extra damage upon your enemies.
   rF:        It greatly protects you from fire.
   rC:        It protects you from cold.
   rPois:     It protects you from poison.
   rN:        It protects you from negative energy.
   *Corrode:  It may corrode you when you take damage.
 F - the cursed +7 double sword of the Cursed Stars (weapon) {freeze, Self, Fort}
   (You subdued it on level 2 of the Elven Halls)

   It freezes those it strikes, dealing additional cold damage.
   It can also slow down cold-blooded creatures.
   It has a curse which improves the following skills: Introspection: Fighting
   and Spellcasting.
   Fortitude: Armour and Shields.
Missiles
 t - 7 throwing nets
 J - 9 silver javelins
 N - 9 boomerangs of dispersal
 Y - 17 javelins
Armour
 g - the cursed +0 kite shield of the Wild Blue Yonder (worn) {rC+, Range, Melee}
   (You found it in an ice cave)

   It has a curse which improves the following skills: Ranged Combat: Slings,
   Bows, Crossbows and Throwing.
   Melee Combat: Short Blades, Long Blades, Axes, Maces & Flails, Polearms,
   Staves and Unarmed Combat.
 j - the cursed +7 chain mail "Behold Eternity" (worn) {rF+ Regen+ rCorr, Range, Fort}
   (You found it on level 3 of the Elven Halls)

   rF:        It protects you from fire.
   Regen:     It increases your rate of health regeneration.
   rCorr:     It protects you from acid and corrosion.
   It has a curse which improves the following skills: Ranged Combat: Slings,
   Bows, Crossbows and Throwing.
   Fortitude: Armour and Shields.
 n - the cursed +2 pair of gloves of the Wild Blue Yonder (worn) {Str+3, Melee, Self}
   (You bought it in a shop on level 2 of the Orcish Mines)

   It has a curse which improves the following skills: Melee Combat: Short
   Blades, Long Blades, Axes, Maces & Flails, Polearms, Staves and Unarmed
   Combat.
   Introspection: Fighting and Spellcasting.
 D - the cursed +2 cloak "Tethered Paranoia" (worn) {Self, Range}
   (You found it on level 1 of the Spider Nest)

   It has a curse which improves the following skills: Introspection: Fighting
   and Spellcasting.
   Ranged Combat: Slings, Bows, Crossbows and Throwing.
 T - the cursed +2 hat of the Mantic Entitlement (worn) {Will+, Evo, Self}
   (You found it on level 4 of the Spider Nest)

   It has a curse which improves the following skills: Evocations: Evocations.
   Introspection: Fighting and Spellcasting.
Jewellery
 c - the cursed amulet of Vitality (around neck) {Regen+ HP+15, Self, Cun}
   (You found it in a treasure trove)

   [amulet of regeneration]

   HP:        It affects your health (+15).
   Regen:     It increases your rate of health regeneration.
   It has a curse which improves the following skills: Introspection: Fighting
   and Spellcasting.
   Cunning:   Dodging and Stealth.
 l - the cursed ring of Ashenzari's Oracle (left hand) {rC+, Fort, Evo}
   (You found it on level 8 of the Dungeon)

   [ring of protection from cold]

   rC:        It protects you from cold.
   It has a curse which improves the following skills: Fortitude: Armour and
   Shields.
   Evocations: Evocations.
 z - the ring of Xom's Flight of Fancy {rPois rCorr Str+4}
   (You found it in the Desolation of Salt)

   [ring of poison resistance]

   Str:       It affects your strength (+4).
   rPois:     It protects you from poison.
   rCorr:     It protects you from acid and corrosion.
 E - the cursed ring of the Shattered Augurer (right hand) {rElec rCorr Str+6, Self, Fort}
   (You found it in a Gauntlet)

   [ring of strength]

   Str:       It affects your strength (+6).
   rElec:     It insulates you from electricity.
   rCorr:     It protects you from acid and corrosion.
   It has a curse which improves the following skills: Introspection: Fighting
   and Spellcasting.
   Fortitude: Armour and Shields.
 U - the amulet "Ifigidgho" {*Slow Regen+ rCorr Str+8}
   (You found it in a treasure trove)

   [amulet of regeneration]

   Str:       It affects your strength (+8).
   Regen:     It increases your rate of health regeneration.
   rCorr:     It protects you from acid and corrosion.
   *Slow:     It may slow you when you take damage.
 V - the ring of the Genius {Fire rN++ Str+4 Dex-5 SInv}
   (You took it off a deep elf knight on level 3 of the Elven Halls)

   [ring of fire]

   It enhances your fire magic.
   Str:       It affects your strength (+4).
   Dex:       It affects your dexterity (-5).
   rF:        It protects you from fire.
   rC:        It makes you vulnerable to cold.
   rN:        It greatly protects you from negative energy.
   SInv:      It lets you see invisible.
 X - the amulet "Nuhotheso" {RegenMP Will+}
   (You took it off a deep elf high priest on level 5 of the Vaults)

   [amulet of magic regeneration]

   It increases your rate of magic regeneration.
   Will:      It increases your willpower.
Wands
 A - a wand of acid (67)
 B - a wand of iceblast (59)
 I - a wand of digging (12)
Scrolls
 a - 3 scrolls of silence
 b - 11 scrolls of teleportation
 k - 3 scrolls of brand weapon {!r}
 q - 4 scrolls of enchant weapon
 v - 4 scrolls of blinking {!r}
 w - a scroll of magic mapping
 C - 3 scrolls of fog
 G - 4 scrolls of holy word
 L - 4 scrolls of torment {!r}
 O - a scroll of summoning
 S - 8 scrolls of fear
 W - 3 scrolls of enchant armour
Potions
 d - 6 potions of haste {!q}
 e - 2 potions of invisibility
 f - 14 potions of brilliance
 i - 11 potions of heal wounds
 m - 11 potions of ambrosia
 o - 7 potions of lignification
 p - 14 potions of mutation {!q}
 s - 6 potions of resistance
 u - 4 potions of cancellation
 K - 4 potions of berserk rage
 M - 5 potions of might
 P - 24 potions of curing
Miscellaneous
 h - a tin of tremorstones (2/2)
 y - a phial of floods
 H - a condenser vane


   Skills:
 * Level 22.8(27) Fighting
 - Level 2.3(14.0) Short Blades
 + Level 19.9(23.5) Long Blades
 + Level 9.5(14.6) Throwing
 + Level 17.8(23.8) Armour
 * Level 21.5(23.8) Dodging
 - Level 1.5(3.3) Stealth
 + Level 14.7(20.8) Shields
 * Level 21.2(27) Spellcasting


You couldn't memorise any spells.
You knew the following spells:

 Your Spells              Type           Power      Damage    Failure   Level
a - Iron Shot             Conj/Erth      52%        9d10      0%          6
b - Magic Dart            Conj           100%       1d8       0%          1
c - Fire Storm            Conj/Fire      52%        8d13      6%          9
d - Lee's Rapid Deconstr  Erth           52%        3d25*     0%          5
e - Mephitic Cloud        Conj/Pois/Air  100%       N/A       0%          3
f - Eringya's Noxious Bo  Tmut/Pois      52%        N/A       0%          6
g - Blink                 Tloc           100%       N/A       0%          2
h - Static Discharge      Conj/Air       100%       N/A       0%          2
i - Swiftness             Air            100%       N/A       0%          3
j - Animate Skeleton      Necr           100%       N/A       0%          1
k - Cause Fear            Hex            52%        N/A       0%          4
l - Conjure Flame         Conj/Fire      100%       6-21      0%          3
m - Call Imp              Summ           100%       N/A       0%          2
n - Gell's Gravitas       Tloc           100%       N/A       0%          3
o - Slow                  Hex            100%       N/A       0%          1
q - Conjure Ball Lightni  Conj/Air       52%        3x3d18    0%          6
w - Monstrous Menagerie   Summ           52%        N/A       1%          7
y - Borgnjor's Revivific  Necr           63%        N/A       1%          8
z - Necromutation         Tmut/Necr      63%        N/A       1%          8
Your spell library was empty.

Dungeon Overview and Level Annotations

Branches:
Dungeon (15/15)            Temple (1/1) D:5            Lair (6/6) D:11
  Swamp (4/4) Lair:4       Spider (4/4) Lair:4        Slime (0/5) Lair:6
    Orc (2/2) D:12            Elf (3/3) Orc:2        Vaults (5/5) D:13
  Crypt (0/3) Vaults:3     Depths (4/4) D:15            Zot (5/5) Depths:4
  IceCv (visited)         Desolation (visited)      Gauntlet (visited)

Altars:
Ashenzari
Cheibriados
Dithmenos
Elyvilon
Fedhas
Gozag
Hepliaklqana
Kikubaaqudgha
Makhleb
Nemelex Xobeh
Okawaru
Qazlal
Ru
Sif Muna
Trog
Uskayaw
Vehumet
Wu Jian
Xom
Yredelemnul
Zin
The Shining One

Shops:
D:1 *   D:3 (   D:4 [   D:5 (   D:9 =   D:10 [   D:12 (   D:13 =   Orc:2 [[?[
Elf:1 [   Elf:3 =   Vaults:4 [   Vaults:5 !!

Portals:
Hell: Depths:1 Depths:2 Depths:3 Depths:4
Abyss: Depths:3 Depths:4
Pandemonium: Depths:2 Depths:3
Ziggurat: Depths:3

Annotations:
Depths:3 exclusion: angel
Zot:3 2 transporters, Soinucej's ghost, adept MiBe


Innate Abilities, Weirdness & Mutations

You are an undead lich.
Your unarmed attacks are suffused with negative energy.
You are immune to unholy pain and torment.
Your necromantic spells are more powerful.
You cannot drink.
You are flying.
You are immune to sickness and miasma.
You are immune to poison.
Your flesh is very heat resistant. (rF++)
You are vulnerable to cold. (rC-)
You float through the air rather than walking.
You learn spells naturally, not from books.
Your magical power is your life essence.
You have superior vitality. (+4 MHP)


Message History

You fly upwards.
There is a stone staircase leading down here.
Your transformation is almost over.
You see here a +0 buckler.
There is an entrance to Iso Joim's Antique Armour Shoppe here.
There is a stone staircase leading up here.
You fly upwards.
There is a stone staircase leading down here.
A cherub comes into view. It is wielding a +2 flail of flaming.
Press: ? - help, v - describe, . - travel
Here: a cherub, wielding a +2 flail of flaming, wearing a +0 robe, wearing a +0 buckler and quivering stones (haloed)
The floor.
You feel yourself come back to life.
The cherub unwields a +2 flail of flaming.
It stops flaming.
The cherub wields a +0 hunting sling.
The cherub shoots a stone.
You block the stone.
There is an entrance to Deeg's Antique Weapon Shop here.
There is a stone staircase leading up here.
Casting: Fire Storm (dangerous; 6% risk of failure)
Confirm with . or Enter, or press ? or * to list all spells.
Your body is suffused with negative energy!
You fly upwards.
There is a stone staircase leading down here.
(D) Dungeon (T) Temple (L) Lair (S) Swamp (N) Spider Nest (M) Slime Pits (O) Orcish Mines (E) Elven Halls (V) Vaults (C) Crypt (U) Depths (H) Hell (Z) Zot
Where to? (Enter - D:1 @ (x,y), ? - help) HP restored.
There is an open door here.
There is a stone staircase leading up here.
You fly upwards.
There is a stone staircase leading down here.
There is an open door here.
You reach down and open the door.
There is an open door here.
There is a staircase leading out of the dungeon here.
You have escaped!

#.............
#####.............
#.............###.
#.###........## #.
####'###'##.....# #.
###...#...####..# #.
###...#.>.####..# #.
###...#...####..####.
###.L.#.>.#..........
###...#...#..........
###...#.>.#..........
###...#...#.........#
####'###'##.####...##
####........# #......
############# #######
#############
#############


There were no monsters in sight!

Vanquished Creatures
  2 dread liches (Zot:5)
  Mara (Depths:2)
  6 orbs of fire
  2 ancient liches
  Sojobo (Depths:3)
  7 Killer Klowns (Zot:5)
  Saint Roka (Depths:2)
  A caustic shrike (shapeshifter) (Vaults:5)
  A curse toe (Zot:5)
  Nikola (Elf:3)
  The ghost of Suekhlun the Warrior, an adept DgCj (Depths:3)
  8 golden dragons
  A pandemonium lord (Depths:1)
  2 bone dragons
  4 electric golems
  The ghost of Gerad the Fencer, a veteran VSAK of Lugonu (Elf:3)
  Rupert (Orc:2)
  An Ice Fiend (IceCv)
  22 tentacled monstrosities
  A walking crystal tome (Depths:3)
  5 deep elf master archers
  3 liches
  7 titans
  3 deep elf blademasters
  4 quicksilver dragons
  29 Orb Guardians
  7 death cobs
  13 shadow dragons
  A thorn hunter (Swamp:1)
  3 sphinxes
  The ghost of Yakesh the Executioner, an adept MiFi of Gozag (Elf:3)
  8 tengu reavers
  4 draconian monks
  9 storm dragons
  Roxanne (Spider:1)
  6 draconian knights
  The ghost of Vatovie the Impaler, a journeyman MiBe of Trog (Elf:3)
  2 fenstrider witches (Swamp:4)
  8 emperor scorpions
  5 deep elf sorcerers (Elf:3)
  11 frost giants
  10 fire giants
  Aizul (Vaults:1)
  A spectral juggernaut (Depths:1)
  22 vault wardens
  A cacodemon (Depths:1)
  3 draconian scorchers
  5 draconian shifters
  5 imperial myrmidons (Desolation)
  A curse skull (Vaults:3)
  5 ghost moths
  A balrug (Depths:2)
  2 orc warlords
  Louise (Swamp:1)
  2 deep elf elementalists (Elf:3)
  2 spriggan defenders (Depths:3)
  A juggernaut skeleton (Depths:2)
  2 draconian annihilators
  23 very ugly things
  15 ironbound preservers
  3 draconian stormcallers
  9 green draconians
  A reaper (Swamp:4)
  25 stone giants
  The ghost of Hulashix the Severer, a journeyman MiBe of Trog (Elf:3)
  7 ironbound thunderhulks
  2 war gargoyles (Vaults:5)
  3 vampire knights
  Nessos (Orc:2)
  7 broodmothers
  5 deep elf demonologists (Elf:3)
  Azrael (D:14)
  12 deep elf annihilators
  7 dire elephants
  9 eleionomae
  15 white draconians
  11 purple draconians
  12 black draconians
  A minotaur (Gauntlet)
  10 yellow draconians
  6 spark wasps
  A halazid warlock (Desolation)
  10 red draconians
  3 entropy weavers
  2 blizzard demons
  4 bunyips
  2 crystal guardians (Desolation)
  4 deep elf death magi
  11 ettins
  4 fire dragons
  2 shambling mangroves
  6 deep elf high priests
  13 yaktaur captains
  Harold (D:7)
  6 great orbs of eyes
  6 ragged hierophants (Desolation)
  2 caustic shrike simulacra
  2 juggernaut simulacra
  4 servants of whispers (Desolation)
  6 boulder beetles
  17 hydras
  6 spriggan air magi
  3 ghost crabs (Elf:1)
  A salamander tyrant (Depths:3)
  9 ice dragons
  39 vault guards
  8 ironbound frosthearts
  10 centaur warriors
  4 catoblepae
  A radroach (Spider:1)
  A jorogumo (Spider:2)
  13 peacekeepers
  3 death knights
  7 ogre magi
  13 two-headed ogres
  27 dancing weapons
  9 alligators
  8 deep troll earth magi
  6 death yaks
  An orc high priest (Orc:2)
  3 tengu warriors
  5 spriggan berserkers
  Urug (D:11)
  6 deep troll shamans
  2 sun demons
  3 soul eaters
  18 deep elf knights
  7 skeletal warriors
  A salamander mystic (Depths:3)
  A golden dragon zombie (Vaults:3)
  A goliath frog (shapeshifter) (Depths:3)
  6 sixfirhies
  3 goliath frogs
  2 sun moths (Spider:4)
  A death drake (Swamp:4)
  9 iron trolls
  7 pharaoh ants
  6 spriggan druids
  2 glowing orange brains (shapeshifter)
  6 steelbarb worms
  A flayed ghost (D:15)
  22 ironbound convokers
  11 orb spiders
  8 glowing orange brains
  2 obsidian statues
  2 golden dragon skeletons
  13 wizards
  68 deep trolls
  7 spriggan simulacra (IceCv)
  2 swamp dragons
  12 deep elf archers
  2 lindwurms (Vaults:2)
  5 harpies (Vaults:2)
  5 bog bodies
  41 deep elf pyromancers
  6 orc knights
  9 phantasmal warriors
  24 wolf spiders
  7 orc sorcerers
  2 frost giant zombies (Depths:1)
  20 deep elf zephyrmancers
  45 ugly things
  5 necromancers
  5 cyclopes
  2 sphinx skeletons
  2 manticores (Lair:6)
  A fire giant skeleton (Depths:1)
  7 will-o-the-wisps
  2 stone giant zombies (D:15)
  35 moths of wrath
  A salamander (Depths:3)
  6 black mambas
  18 elephants
  15 vault sentinels
  3 guardian serpents
  A guardian serpent (shapeshifter) (D:14)
  20 cane toads
  2 human skeletons
  Maggie (D:6)
  6 orange demons
  4 smoke demons
  8 torpor snails
  2 gargoyles
  4 rime drakes
  A kobold demonologist (D:11)
  3 unseen horrors
  2 hellions
  7 komodo dragons
  32 yaktaurs
  7 demonic crawlers
  14 ice devils
  An efreet (Zot:2)
  2 freezing wraiths
  A tormentor (Depths:3)
  A komodo dragon (shapeshifter) (Vaults:5)
  8 entropy weaver simulacra (IceCv)
  4 anaconda simulacra (IceCv)
  A guardian mummy (D:15)
  A red devil (D:12)
  5 tengu conjurers
  2 golden dragon simulacra (IceCv)
  6 trolls
  8 tyrant leeches
  4 hellwings
  6 meliai
  Grinder (D:2)
  4 polar bears
  39 slime creatures
  A tarantella (shapeshifter) (Depths:3)
  23 tarantellas
  A sphinx simulacrum (Depths:2)
  25 hornets
  25 blink frogs
  9 dream sheep
  60 saltlings
  Prince Ribbit (D:7)
  2 ettin zombies
  32 jumping spiders
  20 water elementals
  2 air elementals
  23 culicivoras
  8 wraiths
  2 ynoxinuls
  A dire elephant simulacrum (IceCv)
  13 spriggans
  4 wyverns
  A vampire (D:10)
  6 chaos spawn
  A hog (shapeshifter) (Vaults:5)
  79 yaks
  Eustachio (D:6)
  2 neqoxecs
  A basilisk (shapeshifter) (Depths:3)
  2 spriggan skeletons
  4 fire elementals
  2 minotaur simulacra (IceCv)
  34 redbacks
  18 swamp worms
  10 vampire mosquitoes
  5 basilisks
  6 wargs
  9 large abominations
  A swamp worm (shapeshifter) (Elf:2)
  A harpy simulacrum (IceCv)
  22 water moccasins
  2 acid dragons
  6 hell hounds
  A hydra simulacrum (IceCv)
  2 floating eyes (Depths:4)
  A black bear (D:3)
  32 orc warriors
  3 sky beasts
  12 ogres
  2 ice beasts
  3 necrophages
  A wolf (D:11)
  11 centaurs
  4 kobold brigands
  7 small abominations
  3 earth elementals
  14 bullfrogs
  A bullfrog (shapeshifter) (Vaults:5)
  6 deep troll simulacra (IceCv)
  4 scorpions
  A gnoll sergeant (D:13)
  A wyvern zombie (D:7)
  A glowing shapeshifter simulacrum (Elf:1)
  A lindwurm simulacrum (IceCv)
  4 killer bees
  8 wights
  6 electric eels
  7 howler monkeys
  A howler monkey (shapeshifter) (Vaults:5)
  5 centaur zombies
  3 jellies
  A bullfrog zombie (D:7)
  6 hounds
  29 orc priests
  Natasha (thrice) (D:4)
  4 hell rats
  An iguana (D:6)
  30 orc wizards
  A howler monkey zombie (D:10)
  2 gnolls
  An adder (D:6)
  5 shadow imps
  7 worms
  88 orcs
  4 bats
  5 endoplasms
  4 giant cockroaches
  3 goblins
  A hobgoblin (D:2)
  4 jackals (D:1)
  A quokka (D:4)
  4 ball pythons
  A frilled lizard (D:1)
  16 kobolds
  A rat (D:1)
  4 briar patches (Swamp:4)
  2 fire vortices
2274 creatures vanquished.

Vanquished Creatures (collateral kills)
  A Killer Klown (Zot:5)
  A golden dragon (Zot:5)
  2 tentacled monstrosities (Zot:1)
  An Orb Guardian (Zot:5)
  A lich (Depths:1)
  The ghost of KittyFluff the Severer, an adept GrBe of Trog (Elf:2)
  2 death cobs (Zot:1)
  A thorn hunter (Swamp:4)
  A shadow dragon (Zot:2)
  A sphinx (Vaults:3)
  A fenstrider witch (Swamp:4)
  2 storm dragons
  2 tengu reavers (Depths:3)
  2 draconian knights (Zot:3)
  2 draconian shifters
  A draconian annihilator (Zot:2)
  A very ugly thing (Depths:1)
  2 stone giants (Depths:2)
  A vampire knight (Depths:2)
  A red draconian (Zot:4)
  2 black draconians
  A great orb of eyes (Depths:2)
  An ice dragon (Depths:1)
  A spriggan air mage (Swamp:4)
  4 dancing weapons (Elf:2)
  3 tengu warriors (Depths:2)
  A titan zombie (Depths:2)
  A soul eater (Swamp:4)
  2 spriggan berserkers (Swamp:4)
  A sixfirhy (Swamp:4)
  A spriggan druid (Swamp:4)
  A wizard (Gauntlet)
  3 deep elf pyromancers
  2 necromancers
  A deep elf zephyrmancer (Elf:2)
  An ugly thing (Gauntlet)
  A moth of wrath (Zot:1)
  A hellwing (Swamp:4)
  A demonic crawler (Spider:1)
  A hornet (Swamp:4)
  A water elemental (Depths:2)
  A spriggan (Swamp:3)
  A neqoxec (D:8)
  An ogre (D:5)
  A water moccasin skeleton (D:4)
  A hound (D:5)
  An orc wizard (D:5)
  2 gnolls (D:6)
  8 adders
  An ufetubus (D:4)
  A worm (D:4)
  A dart slug (D:4)
  3 orcs (D:5)
  2 giant cockroaches (D:2)
  3 goblins
  2 hobgoblins
  A jackal (D:1)
  3 ball pythons
  2 frilled lizards
  A kobold (D:1)
  A rat (D:3)
  3 ball lightnings (D:15)
  2 briar patches (Swamp:4)
100 creatures vanquished.

Vanquished Creatures (others)
  A draconian scorcher (Zot:4)
  A green draconian (Zot:2)
  A bloated husk (Swamp:1)
  A water elemental (D:11)
  A vampire mosquito (Swamp:1)
  An electric eel (D:11)
  151 ball lightnings
  150 fire vortices
  36 foxfires
  57 fungi
  120 plants
  18 withered plants
538 creatures vanquished.

Grand Total: 2912 creatures vanquished

Notes
Turn   | Place    | Note
-------+----------+-------------------------------------------
     0 | D:1      | fictitious the Djinni Hedge Wizard began the quest for the
                  | Orb.
     0 | D:1      | Reached XP level 1. HP: 15/15 MP: 0/0
   319 | D:1      | Reached XP level 2. HP: 3/22 MP: 0/0
   887 | D:1      | Reached skill level 1 in Fighting
   987 | D:1      | Found a faded altar of an unknown god.
  1013 | D:1      | Reached XP level 3. HP: 22/27 MP: 0/0
  1013 | D:1      | Learned a level 1 spell: Animate Skeleton
  1089 | D:1      | Found Waczaov's General Store.
  1099 | D:1      | Bought 3 datura-tipped darts for 16 gold pieces
  1099 | D:1      | Bought a scroll of fog for 28 gold pieces
  1454 | D:2      | You are sucked into a shaft and drop 2 floors!
  1574 | D:3      | Noticed Grinder
  2101 | D:2      | Reached XP level 4. HP: 26/32 MP: 0/0
  3035 | D:3      | Noticed a black bear
  3049 | D:3      | Killed a black bear
  3050 | D:3      | Reached XP level 5. HP: 27/37 MP: 0/0
  3050 | D:3      | Learned a level 2 spell: Static Discharge
  3369 | D:3      | Found Deeg's Antique Weapon Shop.
  3812 | D:2      | Paralysed by Grinder for 7 turns
  4007 | D:4      | Found Iso Joim's Antique Armour Shoppe.
  4705 | D:4      | Noticed an ogre
  4708 | D:4      | Reached XP level 6. HP: 37/42 MP: 0/0
  4724 | D:4      | Killed an ogre
  4725 | D:4      | Reached skill level 5 in Spellcasting
  4725 | D:4      | Noticed Natasha
  4745 | D:4      | Killed Natasha
  4940 | D:4      | Reached XP level 7. HP: 43/47 MP: 0/0
  4940 | D:4      | Learned a level 3 spell: Swiftness
  5293 | D:5      | Entered Level 5 of the Dungeon
  5493 | D:5      | Found Unkith's Weapon Shop.
  5506 | D:5      | Found a staircase to the Ecumenical Temple.
  5549 | D:4      | Noticed Natasha
  5563 | D:4      | Killed Natasha
  5564 | D:4      | Reached skill level 1 in Shields
  5724 | D:4      | Noticed Natasha
  5733 | D:4      | Killed Natasha
  5871 | D:4      | Reached skill level 2 in Fighting
  5975 | Temple   | Entered the Ecumenical Temple
  6056 | Temple   | Became a worshipper of Ashenzari the Shackled
  6071 | D:5      | Found a sparkling altar of Nemelex Xobeh.
  6130 | D:5      | Reached XP level 8. HP: 39/54 MP: 0/0
  6338 | D:3      | Bought a slimy short sword for 128 gold pieces
  6338 | D:3      | Identified the +3 short sword of Jus Hoo {freeze, *Noise
                  | Int+2 SInv} (You bought it in a shop on level 3 of the
                  | Dungeon)
  7326 | D:6      | Noticed Eustachio
  7593 | D:6      | Noticed Maggie
  8083 | D:6      | Reached skill level 1 in Armour
  8093 | D:6      | Reached skill level 1 in Short Blades
  8112 | D:6      | Noticed a two-headed ogre
  8529 | D:6      | Reached * piety under Ashenzari
  8761 | D:6      | Killed Eustachio
  8762 | D:6      | Reached skill level 3 in Fighting
  8762 | D:6      | Reached XP level 9. HP: 53/62 MP: 0/0
  8762 | D:6      | Learned a level 3 spell: Gell's Gravitas
  8805 | D:6      | Killed Maggie
  9198 | D:6      | Reached skill level 5 in Dodging
  9206 | D:6      | Reached skill level 1 in Long Blades
  9332 | D:6      | Reached skill level 4 in Fighting
  9542 | D:6      | Reached ** piety under Ashenzari
  9925 | D:7      | Reached XP level 10. HP: 71/72 MP: 0/0
  9990 | D:7      | Reached skill level 5 in Fighting
 10178 | D:7      | Noticed Prince Ribbit
 10190 | D:7      | Killed Prince Ribbit
 10355 | D:7      | Noticed Harold
 10380 | D:7      | Killed Harold
 10381 | D:7      | Reached skill level 6 in Fighting
 10536 | D:7      | Reached *** piety under Ashenzari
 11463 | D:2      | Killed Grinder
 11464 | D:2      | Reached skill level 5 in Long Blades
 12784 | D:9      | Identified the +5 flail of Sulphur {protect, Str+3}
 12784 | D:9      | Found Xotz's Jewellery Emporium.
 13194 | D:9      | Reached XP level 11. HP: 82/84 MP: 0/0
 13194 | D:9      | Learned a level 4 spell: Cause Fear
 13559 | D:9      | Reached skill level 5 in Armour
 13656 | D:9      | Reached skill level 7 in Fighting
 14171 | D:9      | Bought an amulet of reflection for 390 gold pieces
 14177 | D:9      | Reached **** piety under Ashenzari
 14294 | D:10     | Entered Level 10 of the Dungeon
 14310 | D:10     | Noticed an eight-headed hydra
 14327 | D:10     | Killed a five-headed hydra
 14705 | D:10     | Found Ifial's Armour Shop.
 15014 | D:4      | Bought a kite shield for 85 gold pieces
 15026 | D:4      | Reached ***** piety under Ashenzari
 15259 | D:10     | Noticed a two-headed ogre
 15500 | D:10     | Reached XP level 12. HP: 84/94 MP: 0/0
 15837 | D:10     | Killed a two-headed ogre
 15838 | D:10     | Reached skill level 8 in Fighting
 16530 | D:11     | Found a gate leading to a gauntlet.
 16536 | Gauntlet | Entered a Gauntlet
 16536 | Gauntlet | Noticed a great orb of eyes
 16536 | Gauntlet | Found a transporter.
 16536 | Gauntlet | Found a transporter.
 16536 | Gauntlet | Found a transporter.
 16536 | Gauntlet | Found a transporter.
 16540 | Gauntlet | Found a transporter.
 16544 | Gauntlet | Identified the ring "Darr" {rElec rCorr Str+6}
 16552 | Gauntlet | Found a transporter.
 16564 | Gauntlet | Found a transporter.
 16568 | Gauntlet | Found a transporter.
 16575 | Gauntlet | Found a transporter.
 16594 | Gauntlet | Found a transporter.
 16600 | Gauntlet | Found a transporter.
 16617 | Gauntlet | Found a transporter.
 16645 | Gauntlet | Noticed a glowing orange brain
 16891 | Gauntlet | Noticed a minotaur
 16947 | Gauntlet | Killed a minotaur
 17047 | D:11     | Reached ****** piety under Ashenzari
 17060 | D:11     | Noticed a six-headed hydra
 17075 | D:11     | Killed a two-headed hydra
 17145 | D:11     | Noticed Urug
 17165 | D:11     | Killed Urug
 17382 | D:11     | Found a staircase to the Lair.
 17561 | D:11     | Noticed a two-headed ogre
 17584 | D:11     | Killed a two-headed ogre
 17832 | D:11     | Noticed a boulder beetle
 17864 | D:11     | Killed a boulder beetle
 17865 | D:11     | Reached skill level 10 in Long Blades
 17865 | D:11     | Reached XP level 13. HP: 94/102 MP: 0/0
 17865 | D:11     | Learned a level 5 spell: Lee's Rapid Deconstruction
 18087 | D:12     | Reached skill level 9 in Fighting
 18476 | D:12     | Found a staircase to the Orcish Mines.
 18709 | D:12     | Found Naeteym's Weapon Shop.
 18895 | Lair:1   | Entered Level 1 of the Lair of Beasts
 19072 | Lair:1   | Noticed an eight-headed hydra
 19077 | Lair:1   | Killed an eight-headed hydra
 19355 | Lair:1   | Noticed a six-headed hydra
 19358 | Lair:1   | Killed a six-headed hydra
 20230 | Lair:2   | Identified the +1 glaive of Hospitality {holy, Dex+3}
 20490 | Lair:2   | Noticed an eight-headed hydra
 20504 | Lair:2   | Killed an eight-headed hydra
 20641 | Lair:2   | Reached XP level 14. HP: 111/114 MP: 0/0
 21516 | Lair:3   | Reached skill level 10 in Fighting
 21529 | Lair:3   | Reached skill level 10 in Dodging
 21821 | Lair:3   | Reached skill level 10 in Spellcasting
 22066 | Lair:4   | Reached skill level 5 in Shields
 22197 | Lair:4   | Found a hole to the Spider Nest.
 22632 | Lair:4   | Found a staircase to the Swamp.
 23093 | Lair:5   | Identified the +5 scale mail of the Furies {Drain Regen+
                  | SInv}
 23914 | Lair:6   | Entered Level 6 of the Lair of Beasts
 23914 | Lair:6   | Found a staircase to the Slime Pits.
 23958 | Lair:6   | Reached XP level 15. HP: 110/120 MP: 0/0
 23958 | Lair:6   | Learned a level 6 spell: Iron Shot
 24412 | Lair:5   | Reached skill level 10 in Armour
 24643 | Lair:6   | Identified the +6 broad axe of the Wraith {antimagic, rF+
                  | Str+4}
 26496 | Lair:6   | Reached skill level 11 in Fighting
 26619 | Lair:6   | Found the +7 mace of Variability {chain chaos}
 26908 | Orc:1    | Entered Level 1 of the Orcish Mines
 27370 | Orc:2    | Entered Level 2 of the Orcish Mines
 27564 | Orc:2    | Noticed Nessos
 27567 | Orc:2    | Killed Nessos
 28146 | Orc:2    | Noticed Rupert
 28194 | Orc:2    | Killed Rupert
 28195 | Orc:2    | Reached XP level 16. HP: 111/128 MP: 0/0
 28471 | Orc:2    | Found Haluupto's Antique Armour Emporium.
 28471 | Orc:2    | Found Zalo's Armour Emporium.
 28489 | Orc:2    | Found Cayppom's Magic Scroll Shoppe.
 28491 | Orc:2    | Found Peoceafi's Antique Armour Shoppe.
 28673 | Orc:2    | Found a staircase to the Elven Halls.
 28754 | Orc:2    | Bought a scroll of enchant armour for 75 gold pieces
 28754 | Orc:2    | Bought a scroll of teleportation for 30 gold pieces
 28754 | Orc:2    | Bought a scroll of enchant weapon for 75 gold pieces
 28758 | Orc:2    | Bought a pair of glowing gloves for 262 gold pieces
 28767 | Orc:2    | Bought a heavily jewelled robe for 199 gold pieces
 28767 | Orc:2    | Identified the +1 robe "Varheh" {rC++} (You bought it in a
                  | shop on level 2 of the Orcish Mines)
 28767 | Orc:2    | Bought a sheer robe for 199 gold pieces
 28767 | Orc:2    | Identified the +0 robe "Ecworuxa" {Int+5} (You bought it in
                  | a shop on level 2 of the Orcish Mines)
 28776 | Orc:2    | Bought a scroll of magic mapping for 35 gold pieces
 28776 | Orc:2    | Bought a scroll of magic mapping for 35 gold pieces
 29714 | D:13     | Found a gate to the Vaults.
 30139 | D:13     | Identified the +2 ring mail of the Ward {rCorr}
 30479 | D:13     | Found Anaishuph's Jewellery Shop.
 30487 | D:13     | Bought an amulet of regeneration for 450 gold pieces
 30772 | D:14     | Noticed Azrael
 31389 | D:14     | Killed Azrael
 31687 | D:14     | Found a sacrificial altar of Ru.
 31999 | D:15     | Entered Level 15 of the Dungeon
 32653 | D:15     | Reached XP level 17. HP: 105/135 MP: 0/0
 32653 | D:15     | Learned a level 6 spell: Conjure Ball Lightning
 32659 | D:15     | Found a staircase to the Depths.
 33331 | D:15     | Reached skill level 12 in Fighting
 33655 | D:15     | Found a broken altar of Ashenzari.
 34343 | D:15     | Found a staircase to the Depths.
 34559 | D:15     | Found a broken altar of Ashenzari.
 34789 | Spider:1 | Entered Level 1 of the Spider Nest
 34796 | Spider:1 | Identified Roxanne's Disquisition on the Rocks
 34796 | Spider:1 | Noticed Roxanne
 34987 | Spider:1 | Identified the +1 mace "Haghaer" {holy, rN+ Int+5 Stlth+}
 35006 | Spider:1 | Identified a scroll of acquirement
 35037 | Spider:1 | Acquired a manual of Spellcasting
 35258 | Spider:1 | Killed Roxanne
 35280 | Lair:4   | Reached skill level 15 in Long Blades
 36610 | Spider:1 | Found the +10 Black Knight's barding {ponderous, rPois rN+}
 38257 | Spider:2 | Reached XP level 18. HP: 134/144 MP: 0/0
 41297 | Swamp:1  | Entered Level 1 of the Swamp
 41558 | Swamp:1  | Found a frozen archway.
 41571 | IceCv    | Entered an ice cave
 41679 | IceCv    | Reached skill level 13 in Fighting
 42748 | IceCv    | Noticed an Ice Fiend
 42758 | IceCv    | Killed an Ice Fiend
 43507 | Swamp:1  | Noticed Louise
 43516 | Swamp:1  | Reached skill level 15 in Spellcasting
 43523 | Swamp:1  | Killed Louise
 45117 | Swamp:2  | Reached XP level 19. HP: 116/155 MP: 0/0
 45117 | Swamp:2  | Learned a level 6 spell: Eringya's Noxious Bog
 46173 | Swamp:3  | Noticed a tentacled monstrosity
 46182 | Swamp:3  | Killed a tentacled monstrosity
 47080 | Spider:4 | Entered Level 4 of the Spider Nest
 47272 | Spider:4 | Identified the +4 scale mail "Gemuak" {rElec}
 48077 | Spider:4 | Reached skill level 14 in Fighting
 49246 | Spider:4 | Got a gossamer rune of Zot
 49685 | Elf:1    | Entered Level 1 of the Elven Halls
 50311 | Elf:1    | Paralysed by an air elemental for 1 turns
 50359 | Elf:1    | Found Voasse's Armour Shoppe.
 50408 | Elf:1    | Noticed a bone dragon
 50415 | Elf:1    | Killed a bone dragon
 50416 | Elf:1    | Reached skill level 15 in Dodging
 50416 | Elf:1    | Reached XP level 20. HP: 133/166 MP: 0/0
 50898 | Elf:1    | Identified the Incunabulum of Sinister Rites
 52663 | Elf:2    | Identified the +7 chain mail of Laigota {rF- Int+4}
 52892 | Elf:2    | Reached skill level 15 in Fighting
 52949 | Elf:2    | Found a runed translucent gate.
 52949 | Elf:2    | Found a runed translucent gate.
 52949 | Elf:2    | Found a runed translucent gate.
 53038 | Elf:2    | Noticed KittyFluff's ghost (adept GrBe)
 53196 | Elf:2    | Found a runed translucent door.
 53487 | Elf:3    | Entered Level 3 of the Elven Halls
 53513 | Elf:3    | Found a runed translucent gate.
 53513 | Elf:3    | Found a runed translucent gate.
 53513 | Elf:3    | Found a runed translucent gate.
 53728 | Elf:3    | Noticed Gerad's ghost (veteran VSAK)
 53728 | Elf:3    | Noticed Vatovie's ghost (journeyman MiBe)
 53729 | Elf:3    | Noticed Hulashix's ghost (journeyman MiBe)
 53729 | Elf:3    | Noticed Yakesh's ghost (adept MiFi)
 53730 | Elf:3    | Identified the -5 helmet of the Manifold Olives {Str+4
                  | Int-2}
 54342 | Elf:3    | Noticed Nikola
 54360 | Elf:3    | Killed Nikola
 54807 | Elf:3    | Found Lyokkehe's Jewellery Shoppe.
 54904 | Elf:3    | Identified the +6 war axe "Woagg" {drain, Will+ Dex+5}
 54904 | Elf:3    | Identified the ring of the Genius {Fire rN++ Str+4 Dex-5
                  | SInv}
 55075 | Elf:3    | Reached XP level 21. HP: 159/175 MP: 0/0
 55075 | Elf:3    | Learned a level 7 spell: Monstrous Menagerie
 55089 | Elf:3    | Identified the +0 scale mail "Cuawuts" {+Inv Str-2 Int+4
                  | Stlth+}
 55249 | Elf:3    | Identified the ring "Burabeki" {rPois rN+ Str+3 Dex-4
                  | Stlth+}
 55300 | Elf:3    | Noticed a Brimstone Fiend
 55534 | Elf:3    | Identified the amulet of Sloth {Spirit *Slow rC+ Regen+}
 55615 | Elf:3    | Identified the ring of the Wary Lives {rCorr Dex+4}
 55632 | Elf:3    | Identified the +4 war axe of Icsyep {vorpal, Int+4}
 56112 | Elf:3    | Found the +2 cloak of the Thief {*Fog Slay-2 SInv Stlth+}
 56156 | Elf:3    | Identified the Grimoire of Enthralling Sinister Magic
 56163 | Elf:3    | Identified the +7 chain mail "Ace Wout" {rF+ Regen+ rCorr}
 56191 | Elf:3    | Identified Tueru's Tome of Burning Bewitchment
 56991 | Elf:2    | Reached skill level 16 in Fighting
 58162 | Swamp:4  | Entered Level 4 of the Swamp
 58673 | Swamp:4  | Reached skill level 10 in Shields
 59009 | Swamp:4  | Paralysed by a fenstrider witch for 3 turns
 59226 | Swamp:4  | Got a decaying rune of Zot
 59637 | Vaults:1 | Entered Level 1 of the Vaults
 59641 | Vaults:1 | Reached XP level 22. HP: 178/182 MP: 0/0
 59768 | Vaults:1 | Noticed Aizul
 59786 | Vaults:1 | Killed Aizul
 60262 | Vaults:1 | Reached skill level 1 in Throwing
 60931 | Vaults:2 | Reached skill level 17 in Fighting
 61471 | Vaults:2 | Reached skill level 15 in Armour
 62569 | Vaults:3 | Reached XP level 23. HP: 186/193 MP: 0/0
 62569 | Vaults:3 | Learned a level 8 spell: Borgnjor's Revivification
 62854 | Vaults:3 | Found a portal to a secret trove of treasure.
 62889 | Vaults:3 | You paid a toll of 13 potions of heal wounds to enter a
                  | treasure trove
 62890 | Trove    | Entered a treasure trove
 62893 | Trove    | Found the +7 lajatang of Order {silver, rMut}
 62898 | Trove    | Found the amulet of Vitality {Regen+ HP+15}
 62900 | Trove    | Identified the amulet "Ifigidgho" {*Slow Regen+ rCorr
                  | Str+8}
 63346 | Vaults:3 | Found a staircase to the Crypt.
 63859 | Vaults:4 | Found a crumbling gateway.
 63897 | Desolati | Entered the Desolation of Salt
 63922 | Desolati | Identified the +3 arbalest of Ywarar {venom, *Corrode rF+
                  | rN+++ Dex-5}
 63922 | Desolati | Identified the +0 robe of the Jabberwock {rElec rPois SInv
                  | Stlth-}
 64099 | Desolati | Found the +4 robe of Folly {Brilliance Will-∞ Int+8}
 64110 | Desolati | Reached skill level 18 in Fighting
 64117 | Desolati | Identified the Almanac of Snow
 64118 | Desolati | Identified the +1 scale mail "Fajigas" {rN+}
 64125 | Desolati | Identified the +2 chain mail of Intercession {rPois Dex+2}
 64237 | Desolati | Identified the ring of Xom's Flight of Fancy {rPois rCorr
                  | Str+4}
 64245 | Desolati | Identified Sif Muna's Disquisition on Confrontation and the
                  | Traveller
 64459 | Desolati | Identified the +2 morningstar "Aneus" {drain, rF+ Int+2
                  | Dex-3}
 64920 | Vaults:4 | Found Jiginek's Armour Shoppe.
 65104 | Vaults:4 | Reached XP level 24. HP: 196/204 MP: 0/0
 66313 | Depths:1 | Entered Level 1 of the Depths
 66376 | Depths:1 | Found a gateway to Hell.
 66380 | Depths:1 | Noticed a golden dragon
 66697 | Depths:1 | Reached skill level 5 in Throwing
 66745 | Depths:1 | Found a basalt altar of Yredelemnul.
 66809 | Depths:1 | Found a gateway to a bazaar.
 66819 | Bazaar   | Entered a bazaar
 66819 | Bazaar   | Found Ezilael's Distillery.
 66819 | Bazaar   | Found Ypnulost's Antique Armour Emporium.
 66819 | Bazaar   | Found Rogg's Weapon Shop.
 66819 | Bazaar   | Found Hilossaf's Weapon Shoppe.
 66821 | Bazaar   | Found Bol Ufri's Antique Weapon Shoppe.
 66821 | Bazaar   | Found Hifenn's Assorted Antiques.
 66840 | Bazaar   | Bought a potion of resistance for 80 gold pieces
 66840 | Bazaar   | Bought a potion of brilliance for 32 gold pieces
 66840 | Bazaar   | Bought a potion of heal wounds for 40 gold pieces
 66851 | Bazaar   | Bought the +10 morningstar "Eos" {elec, Halo rElec} for
                  | 1406 gold pieces
 66851 | Bazaar   | Found the +10 morningstar "Eos" {elec, Halo rElec}
 66856 | Bazaar   | Bought a potion of ambrosia for 200 gold pieces
 67404 | Depths:2 | Noticed Saint Roka
 67422 | Depths:2 | Killed Saint Roka
 67561 | Depths:2 | Identified the +7 falchion of the Pill Bug {vorpal, Contam
                  | rElec rF+ Int+2}
 67794 | Depths:2 | Found a hazy altar of Hepliaklqana.
 68120 | Depths:2 | Noticed Mara
 68127 | Depths:2 | Killed Mara
 68322 | Depths:2 | Reached skill level 19 in Fighting
 68322 | Depths:2 | Reached XP level 25. HP: 212/212 MP: 0/0
 68322 | Depths:2 | Learned a level 8 spell: Necromutation
 68322 | Depths:2 | Found a one-way gate leading to the halls of Pandemonium.
 68655 | Depths:3 | Found a runed translucent door.
 68656 | Depths:3 | Found a shimmering altar of Xom.
 68656 | Depths:3 | Noticed Suekhlun's ghost (adept DgCj)
 68656 | Depths:3 | Identified the +2 leather armour "Ranorr" {Dex+5}
 68656 | Depths:3 | Identified the +7 war axe of Moderation {chaos, Dex+5}
 68681 | Depths:3 | Found a one-way gateway to a ziggurat.
 68923 | Depths:3 | Noticed Sojobo
 68933 | Depths:3 | Paralysed by an air elemental for 1 turns
 68944 | Depths:3 | Paralysed by an air elemental for 1 turns
 69012 | Depths:3 | Killed Sojobo
 69514 | Depths:3 | Found a runed translucent gate.
 69514 | Depths:3 | Found a runed translucent gate.
 69514 | Depths:3 | Found a runed translucent gate.
 69520 | Depths:3 | Identified the +3 scale mail of Hoost {rElec}
 69605 | Depths:3 | Found a runed translucent gate.
 69605 | Depths:3 | Found a runed translucent gate.
 69605 | Depths:3 | Found a runed translucent gate.
 69757 | Depths:3 | Found a one-way gate to the infinite horrors of the Abyss.
 69914 | Depths:4 | Entered Level 4 of the Depths
 70131 | Depths:4 | Acquired 1197 gold pieces
 70171 | Depths:4 | Paralysed by a floating eye for 3 turns
 70389 | Depths:4 | Found a gate to the Realm of Zot.
 70715 | Depths:4 | Reached XP level 26. HP: 221/221 MP: 0/0
 70981 | Depths:3 | Killed Suekhlun's ghost
 71256 | Elf:2    | Killed KittyFluff's ghost
 71312 | Elf:3    | Killed Yakesh's ghost
 71316 | Elf:3    | Killed Hulashix's ghost
 71319 | Elf:3    | Killed Vatovie's ghost
 71355 | Elf:3    | Killed Gerad's ghost
 71677 | Vaults:5 | Entered Level 5 of the Vaults
 71695 | Vaults:5 | Reached skill level 20 in Fighting
 71851 | Vaults:5 | Identified the +9 trident of Fekliz {speed, Dex+2}
 71859 | Vaults:5 | Got a silver rune of Zot
 72183 | Vaults:5 | Noticed an ancient lich
 72188 | Vaults:5 | Killed an ancient lich
 72309 | Vaults:5 | Identified the +1 helmet "Plog" {rF+}
 72311 | Vaults:5 | Identified the ring of Divine Intervention {*Slow +Blink
                  | rPois rF+ Dex-4}
 72652 | Vaults:5 | Identified the +2 scale mail "Laudaur" {*Slow rF+ rN++
                  | Str+2}
 72652 | Vaults:5 | Identified the amulet "Nuhotheso" {RegenMP Will+}
 72654 | Vaults:5 | Reached XP level 27. HP: 228/228 MP: 0/0
 72654 | Vaults:5 | Learned a level 9 spell: Fire Storm
 72874 | Vaults:5 | Found Xodgh's Distillery.
 72890 | Vaults:5 | Bought 2 potions of heal wounds for 120 gold pieces
 72890 | Vaults:5 | Bought a potion of berserk rage for 60 gold pieces
 72890 | Vaults:5 | Bought a potion of curing for 36 gold pieces
 72954 | Vaults:5 | Found Lixzeuhe's Distillery.
 72961 | Vaults:5 | Bought a potion of brilliance for 64 gold pieces
 72961 | Vaults:5 | Bought a potion of invisibility for 128 gold pieces
 72961 | Vaults:5 | Bought a potion of heal wounds for 80 gold pieces
 72961 | Vaults:5 | Bought a potion of brilliance for 64 gold pieces
 72961 | Vaults:5 | Bought a potion of haste for 160 gold pieces
 72961 | Vaults:5 | Bought a potion of heal wounds for 80 gold pieces
 73084 | Vaults:5 | Identified the Almanac of Dusty Snow
 74355 | Zot:1    | Entered Level 1 of the Realm of Zot
 75487 | Zot:2    | Reached skill level 21 in Fighting
 76138 | Zot:2    | Identified the +9 broad axe "Dorogesa" {vorpal, *Corrode
                  | rPois rF++ rC+ rN+}
 76756 | Zot:3    | Identified the +0 leather armour "Nafop" {Harm Dex+3}
 76969 | Zot:3    | Found a transporter.
 76969 | Zot:3    | Identified the +2 cloak "Hurakh" {rF+ rC+}
 76970 | Zot:3    | Noticed Soinucej's ghost (adept MiBe)
 76971 | Zot:3    | Found a transporter.
 76976 | Zot:3    | Found a bloodstained altar of Trog.
 76976 | Zot:3    | Found the +10 zealot's sword {holy, *Rage rN+ EV+3}
 76976 | Zot:3    | Identified the +1 cloak of the Solstice {rCorr Int+5}
 77229 | Zot:3    | Noticed an orb of fire
 77229 | Zot:3    | Noticed an orb of fire
 77233 | Zot:3    | Noticed an orb of fire
 77240 | Zot:3    | Killed an orb of fire
 77366 | Zot:3    | Killed an orb of fire
 77414 | Zot:3    | Killed an orb of fire
 77700 | Zot:4    | Noticed an orb of fire
 77709 | Zot:4    | Killed an orb of fire
 77989 | Zot:4    | Reached skill level 22 in Fighting
 78379 | Zot:5    | Entered Level 5 of the Realm of Zot
 78902 | Zot:5    | Noticed a dread lich
 78941 | Zot:5    | Noticed a Killer Klown
 78978 | Zot:5    | Noticed an orb of fire
 78995 | Zot:5    | Killed an orb of fire
 79047 | Zot:5    | Noticed a Killer Klown
 79174 | Zot:5    | Killed a dread lich
 79215 | Zot:5    | Noticed a Killer Klown
 79217 | Zot:5    | Killed a Killer Klown
 79224 | Zot:5    | Noticed a Killer Klown
 79225 | Zot:5    | Killed a Killer Klown
 79237 | Zot:5    | Noticed an ancient lich
 79238 | Zot:5    | Killed an ancient lich
 79310 | Zot:5    | Killed a Killer Klown
 79429 | Zot:5    | Noticed a Killer Klown
 79437 | Zot:5    | Killed a Killer Klown
 79440 | Zot:5    | Noticed an orb of fire
 79446 | Zot:5    | Killed a Killer Klown
 79446 | Zot:5    | Noticed a Killer Klown
 79450 | Zot:5    | Noticed a Killer Klown
 79452 | Zot:5    | Killed an orb of fire
 79452 | Zot:5    | Noticed a dread lich
 79454 | Zot:5    | Killed a Killer Klown
 79471 | Zot:5    | Noticed a Killer Klown
 79476 | Zot:5    | Killed a Killer Klown
 79626 | Zot:5    | Killed a Killer Klown
 79636 | Zot:5    | Killed a dread lich
 79940 | Zot:5    | Got the Orb of Zot
 80038 | Zot:2    | Noticed Venkoul the pandemonium lord
 80088 | Zot:1    | Noticed Diqom the pandemonium lord
 80259 | Depths:1 | Noticed Plog the pandemonium lord
 80265 | Depths:1 | Killed Plog the pandemonium lord
 80594 | D:8      | Noticed Wiyluj the pandemonium lord
 80701 | D:$      | Escaped with the Orb!

Illustrated notes

Levels and vault maps discovered:
D:1:      minmay_arrival_up_and_down, layout_rooms,
          hellmonk_ecumenical_altar_dog_temple, serial_shops,
          nicolae_lakefront_shop
D:2:      layout_loops_corners, minmay_door_square,
          chequers_serial_rivers_micro_b, minmay_curled_crystal
D:3:      layout_loops_cross, serial_shops, shop, uniq_grinder
D:4:      layout_gridville, serial_shops, nicolae_stop_n_shop_1, uniq_natasha
D:5:      layout_basic, mainiacjoe_overflow_tiny_flanked,
          minmay_temple_entry_ruins, nicolae_stop_n_shop_2
D:6:      layout_cave_pods, minmay_manual_monstrance, uniq_eustachio,
          uniq_maggie
D:7:      layout_loops_corners, minmay_misc_feat_roman, uniq_harold,
          uniq_prince_ribbit1
D:8:      layout_basic, chequers_serial_rivers_large_a
D:9:      minmay_polygon_palace, layout_irregular_city, serial_shops,
          nicolae_stop_n_shop_1
D:10:     minmay_razor_zed, layout_grid_maze, serial_shops, shop, serial_rivers,
          chequers_serial_rivers_micro_a, chequers_serial_rivers_room_b,
          chequers_serial_rivers_room_b, chequers_serial_rivers_micro_c,
          minmay_diced_spiral
D:11:     layout_roguey, erik_lair_island, gauntlet_entry_generic,
          nzn_sisyphean_effort, uniq_urug
D:12:     layout_loops_ring, hiddenorc1_lemuel, serial_shops, shop
D:13:     layout_loops_ring, lightli_vaults_fourway_checkpoint, serial_shops,
          shop_fountains
D:14:     layout_cave_pools, nicolae_ru_awakened_eye, uniq_azrael
D:15:     gammafunk_depths_entry_grave, layout_basic, evilmike_ruin_ashenzari,
          chequers_big_river, hive_lemuel
Temple:   dpeg_three_leaves_temple
Lair:1:   layout_loops_ring, lemuel_fruit_tree, grunt_megastairs_1
Lair:2:   layout_big_grid, worms_lemuel
Lair:3:   layout_roguey
Lair:4:   layout_regular_city, nicolae_swamp_entry_splash_gauntlet,
          nicolae_spider_entry_non_spiders, beast_lair_carwin_4,
          infiniplex_staircase_pool
Lair:5:   nzn_winding_woodlands_small [nzn_winding_woodlands_5x15_pockets,
          nzn_winding_woodlands_center_garden,
          nzn_winding_woodlands_5x15_crooked], layout_regular_city, st_stairs_3
Lair:6:   evilmike_catoblepas_cave, layout_regular_city,
          minmay_slime_entry_pillars, lemuel_fruit_fields
Swamp:1:  layout_basic_swamp, portal_ice_cave_entry_pillars_four,
          evilmike_swamp_ruin_house_5, uniq_louise
Swamp:2:  nicolae_swamp_wrong_neighborhood, layout_falls_marsh,
          nicolae_swamp_big_swirl, infiniplex_staircase_pool_2
Swamp:3:  layout_basic_swamp, evilmike_swamp_ruin_house_1, swamp_pool1,
          nicolae_swamp_triple_paths
Swamp:4:  nzn_swamp_witches_coven, layout_basic_swamp
Spider:1: nicolae_spider_mines_1, uniq_roxanne
Spider:2: nicolae_spider_hilbert_zone_2 [nicolae_spider_hilbert_4_sides_1_open,
          nicolae_spider_hilbert_4_sides_1_open,
          nicolae_spider_hilbert_4_sides_1_open,
          nicolae_spider_hilbert_4_sides_1_open,
          nicolae_spider_hilbert_6_sides_1_open,
          nicolae_spider_hilbert_6_sides_1_open,
          nicolae_spider_hilbert_3_sides_1_open,
          nicolae_spider_hilbert_3_sides_1_open,
          nicolae_spider_hilbert_3_sides_1_open,
          nicolae_spider_hilbert_3_sides_1_open,
          nicolae_spider_hilbert_6_sides_1_open,
          nicolae_spider_hilbert_6_sides_1_open,
          nicolae_spider_hilbert_6_sides_1_open,
          nicolae_spider_hilbert_6_sides_1_open], nicolae_spider_cling_halls
Spider:3: layout_chambers, drop_trap
Spider:4: hellmonk_spider_rune_endless_swarm, drop_trap
Orc:1:    layout_caves
Orc:2:    st_orc_mages, layout_caves, uniq_rupert, uniq_nessos
Elf:1:    layout_onion_city, serial_shops, shop_statue,
          hangedman_elven_crosses_minicolossus, hangedman_research_thanatology
Elf:2:    nicolae_elf_blades_crystal_corner, layout_onion_city,
          hellmonk_ghost_happy_afterlife
Elf:3:    minmay_elf_hall_furrowed, layout_rooms, gammafunk_ghost_cemetery,
          serial_shops, nicolae_shop_behind_doors, hex_large, uniq_nikola
Vaults:1: nicolae_vaults_sealed_display, vaults_dpeg_hooks,
          ontoclasm_vaults_gateway, v_misc_2, vaults_room_door_ring,
          nicolae_vaults_three_branches, layout_vaults_omnigrid, uniq_aizul
Vaults:2: grunt_vaults_swirl, v_misc_19, nicolae_vaults_statue_guard,
          vaults_room_grunt_arrival_ludios, ontoclasm_vaults_ring_large,
          v_misc_2, nicolae_vaults_ring_of_whatevers, v_misc_25,
          nicolae_vaults_little_ls, ontoclasm_vaults_shuriken, v_alt_pattern_6,
          layout_vaults_omnibox
Vaults:3: minmay_crypt_entry_simple_sparse, ontoclasm_vaults_echo,
          vaults_room_ringed_pool, v_alt_pattern_3, hangedman_vaults_locks,
          hangedman_vaults_capsules, ontoclasm_vaults_spin,
          ontoclasm_vaults_twist, vaults_mumra_minichess_inversion,
          vaults_dpeg_ring, nicolae_vaults_little_squares_5,
          nicolae_vaults_border_crossing, vaults_room_pool,
          layout_vaults_omnicross, nicolae_trove_entry_crossroad
Vaults:4: portal_desolation_entry_salt, ontoclasm_vaults_bender, v_rooms_4,
          vaults_room_corners, ontoclasm_vaults_decontamination, v_misc_5,
          nicolae_vaults_little_squares_6, v_misc_14, vaults_standard_mumra_x,
          layout_vaults_chaotic_city, serial_shops, nicolae_shop_hallway_plus
Vaults:5: serial_shops, uniq_margery
Depths:1: layout_gridlike, kennysheep_boxes, hell_entry, serial_shops,
          bzr_entry_safe, nicolae_lava_and_water, kennysheep_diamond,
          grunt_ministairs_12, yredelemnul_forgotten_temple_becter,
          serial_bayou_shore_a
Depths:2: nicolae_whirlpool, layout_cave_pools, lightli_too_deep,
          grunt_pan_entry_zigzag, serial_sigils_hangedman_gnaw,
          nzn_hepliaklqana_mist_gate, minmay_staircase_bubble, uniq_mara,
          uniq_saint_roka
Depths:3: kennysheep_treasure_stockpile, layout_gridlike, enter_ziggurat_c,
          hell_entry, ebering_ghost_xom, minmay_room_of_horrors,
          rand_demon_pan_entry_7, columned_hall_lemuel,
          infiniplex_staircase_pool_lava, uniq_sojobo
Depths:4: grunt_zot_entry_alcove, layout_gridlike, hell_entry,
          dk_noncrumbling_2, abyss_entry_crystal
Zot:1:    layout_cathedral_of_symmetry
Zot:2:    lemuel_halls_of_wrath, layout_misc_corridors, st_small_dragon_hoard_3
Zot:3:    layout_gridlike, gammafunk_ghost_wrathful_warriors,
          lemuel_lake_of_fire
Zot:4:    grunt_twist_and_shout, layout_onion_interference
Zot:5:    layout_gridlike, lemuel_baited_zot_trap, st_stairs_1

Skill      XL: |  1  2  3  4  5  6  7  8  9 10 11 12 13 14 15 16 17 18 19 20 21 22 23 24 25 26 27 |
---------------+----------------------------------------------------------------------------------+-----
Fighting       | 1 2 3 4 6 7 8 9 10 11 12 13 14 15 16 17 18 19 20 22 | 22.8
Spellcasting   | 3 4 5 6 7 8 9 10 11 12 13 15 16 17 18 19 21 | 21.2
Shields        | 1 3 4 6 7 8 9 10 11 12 13 14 | 14.7
Dodging        | 3 4 5 6 8 9 10 11 12 14 15 16 17 18 21 | 21.5
Armour         | 1 3 4 7 8 9 11 12 14 15 16 17 | 17.8
Short Blades   | 1 2 |  2.3
Long Blades    | 2 6 8 10 11 12 13 14 15 16 17 18 19 | 19.9
Throwing       | 2 4 5 6 9 |  9.5
Stealth        | |  1.5

Action                   |  1- 3 |  4- 6 |  7- 9 | 10-12 | 13-15 | 16-18 | 19-21 | 22-24 | 25-27 || total
-------------------------+-------+-------+-------+-------+-------+-------+-------+-------+-------++-------
Melee: Dagger            |    10 |    34 |    40 |       |       |       |       |       |       ||    84
       Punch             |       |     2 |       |       |       |       |       |       |       ||     2
       Short sword       |       |       |   104 |       |       |       |       |       |       ||   104
       Scimitar          |       |       |    13 |   419 |   887 |   928 |   651 |   122 |       ||  3020
       Double sword      |       |       |       |       |       |       |       |   745 |  1174 ||  1919
Throw: Dart              |       |       |     6 |    10 |     4 |       |       |       |       ||    20
 Cast: Magic Dart        |    42 |    20 |    39 |    16 |       |     1 |       |       |       ||   118
       Call Imp          |    11 |    18 |    26 |    18 |     1 |       |       |       |       ||    74
       Animate Skeleton  |     3 |     5 |     1 |       |       |       |       |       |       ||     9
       Mephitic Cloud    |     2 |    12 |    60 |    70 |    60 |    25 |    21 |     5 |     1 ||   256
       Conjure Flame     |       |     4 |     8 |     3 |       |       |       |       |       ||    15
       Slow              |       |     4 |     1 |    10 |     2 |    13 |     1 |       |       ||    31
       Static Discharge  |       |     2 |       |       |       |       |       |     3 |    12 ||    17
       Blink             |       |     1 |     2 |       |       |     8 |     2 |     2 |    11 ||    26
       Gell's Gravitas   |       |       |     3 |     9 |       |     1 |       |     3 |       ||    16
       Lee's Rapid Decon |       |       |       |       |    98 |   186 |   244 |   171 |   159 ||   858
       Iron Shot         |       |       |       |       |     4 |    29 |    57 |    22 |    71 ||   183
       Conjure Ball Ligh |       |       |       |       |       |    40 |     5 |     7 |     3 ||    55
       Eringya's Noxious |       |       |       |       |       |       |    43 |    59 |    44 ||   146
       Monstrous Menager |       |       |       |       |       |       |    28 |    18 |    38 ||    84
       Swiftness         |       |       |       |       |       |       |     2 |     1 |     1 ||     4
       Necromutation     |       |       |       |       |       |       |       |       |   113 ||   113
       Fire Storm        |       |       |       |       |       |       |       |       |   132 ||   132
Invok: Curse Item        |       |       |     3 |     7 |     2 |     2 |     2 |     4 |       ||    20
       Shatter the Chain |       |       |       |     3 |       |     2 |     3 |     3 |       ||    11
 Abil: End Transformatio |       |       |       |       |       |       |       |       |     2 ||     2
Evoke: Wand              |       |       |       |     8 |     3 |     1 |       |     1 |     4 ||    17
       Condenser vane    |       |       |       |       |       |     1 |       |       |     1 ||     2
       Tin of tremorston |       |       |       |       |       |       |       |     1 |     2 ||     3
  Use: Scroll            |       |     5 |     6 |     3 |     2 |     7 |     7 |     9 |    19 ||    58
       Potion            |       |       |     4 |     2 |     1 |     5 |     1 |       |     7 ||    20
 Stab: Confused          |     1 |     3 |    24 |    43 |    64 |    22 |    19 |    12 |     1 ||   189
       Sleeping          |     1 |       |       |     1 |       |       |       |       |       ||     2
       Distracted        |       |       |       |       |       |       |     4 |       |     5 ||     9
       Paralysed         |       |       |       |       |       |       |     1 |       |       ||     1
Armor: Robe              |     5 |    10 |    30 |       |       |       |       |       |       ||    45
       Leather armour    |       |       |     4 |       |       |       |       |       |       ||     4
       Acid dragon scale |       |       |     2 |    76 |       |       |       |       |       ||    78
       Chain mail        |       |       |       |       |   244 |   287 |   213 |   295 |   621 ||  1660
Dodge: Dodged            |    26 |    21 |    81 |   162 |   196 |   294 |   227 |   341 |   648 ||  1996
Block: Buckler           |       |       |    27 |    41 |       |       |       |       |       ||    68
       Kite shield       |       |       |       |   152 |   564 |   730 |   467 |   586 |   831 ||  3330
       Reflection        |       |       |       |     5 |    22 |    22 |    38 |    30 |       ||   117
